 Dungeon Crawl Stone Soup version 0.29-a0-330-g52719c12eb (webtiles) character file.

Game seed: 17574275654628081202

8085 Crownlay the Ducker (level 11, -4/83 HPs)
             Began as a Gnoll Wanderer on May 23, 2022.
             Was the Champion of Jiyva.
             Slain by a seven-headed hydra (6 damage)
             ... on level 12 of the Dungeon.
             The game lasted 00:20:52 (9115 turns).

Crownlay the Ducker (Gnoll Wanderer)                Turns: 9115, Time: 00:20:52

Health: -4/83      AC:  9    Str: 13    XL:     11   Next: 25%
Magic:  12/12      EV: 19    Int: 15    God:    Jiyva [******]
Gold:   446        SH:  0    Dex: 22    Spells: 19/23 levels left

rFire   . . .      SeeInvis +   t - +5 quarterstaff of the Hated {venom, MP-9 Dex+7}
rCold   . . .      Faith    .   (shield currently unavailable)
rNeg    . . .      Spirit   .   y - +5 robe of Night {Dark Will+ SInv}
rPois   .          Reflect  .   (helmet restricted)
rElec   .          Harm     .   F - +0 cloak
rCorr   +          Rampage  .   (no gloves)
Will    +....                   (no boots)
Stlth   +++.......              i - amulet of regeneration
HPRegen 2.63/turn               A - +4 ring of slaying
MPRegen 0.63/turn               (no ring)

@: confused, ambrosia-drunk
A: fangs 1, strong nose, distributed training, horns 1, agile 2, acidic bite,
gelatinous body 1, translucent skin 3, engulf
a: Renounce Religion, Oozemancy, Slimify


You were on level 12 of the Dungeon.
You worshipped Jiyva.
Jiyva was exalted by your worship.
You visited 1 branch of the dungeon, and saw 12 of its levels.

You collected 446 gold pieces.

Inventory:

Hand Weapons
 t - the +5 quarterstaff of the Hated (weapon) {venom, MP-9 Dex+7}
   (You found it on level 5 of the Dungeon)

   It poisons the flesh of those it strikes.
   Dex:       It affects your dexterity (+7).
   MP:        It affects your magic capacity (-9).
Missiles
 C - a curare-tipped dart
Armour
 y - the +5 robe of Night (worn) {Dark Will+ SInv}
   (You found it on level 7 of the Dungeon)

   It shrouds the wearer in darkness, reducing the range at which they can see
   and be seen by others.
   SInv:      It lets you see invisible.
   Will:      It increases your willpower.
 D - a +0 kite shield
 F - a +0 cloak (worn)
Jewellery
 i - an amulet of regeneration (around neck)
 A - a +4 ring of slaying (left hand)
Wands
 a - a wand of polymorph (11)
 k - a wand of charming (6)
 l - a wand of paralysis (10)
 G - a wand of acid (2)
Scrolls
 d - 2 scrolls of brand weapon
 f - a scroll of enchant armour {unknown}
 h - a scroll of holy word {unknown}
 o - 2 scrolls of fog {unknown}
 p - a scroll of vulnerability {unknown}
 r - a scroll of silence {unknown}
 v - a scroll of teleportation {unknown}
 w - 2 scrolls of amnesia
 B - a scroll of magic mapping {unknown}
Potions
 b - 2 potions of ambrosia
 c - 2 potions of mutation
 e - 2 potions of heal wounds {unknown}
 g - a potion of attraction {unknown}
 m - a potion of lignification {unknown}
 q - 2 potions of flight {unknown}
 s - a potion of might {unknown}
 u - a potion of degeneration {unknown}
 x - a potion of cancellation {unknown}
 z - 3 potions of berserk rage {unknown}
 E - a potion of curing {unknown}


   Skills:
 + Level 6.7 Fighting
 + Level 6.1 Short Blades
 + Level 6.1 Long Blades
 + Level 6.1 Axes
 + Level 7.7 Maces & Flails
 + Level 6.1 Polearms
 + Level 6.1 Staves
 + Level 6.1 Slings
 + Level 6.1 Bows
 + Level 6.1 Crossbows
 + Level 6.1 Throwing
 + Level 6.1 Armour
 + Level 7.7 Dodging
 + Level 6.1 Stealth
 + Level 6.1 Shields
 + Level 6.1 Unarmed Combat
 + Level 6.8 Spellcasting
 + Level 5.0 Conjurations
 + Level 5.0 Hexes
 + Level 5.0 Summonings
 + Level 5.0 Necromancy
 + Level 5.0 Translocations
 + Level 5.0 Transmutations
 + Level 5.0 Fire Magic
 + Level 5.0 Ice Magic
 + Level 5.0 Air Magic
 + Level 5.0 Earth Magic
 + Level 7.5 Poison Magic
 + Level 6.7 Invocations
 + Level 6.7 Evocations


You had 19 spell levels left.
You knew the following spells:

 Your Spells              Type           Power      Damage    Failure   Level
a - Sting                 Tmut/Pois      96%        1d7       1%          1
b - Mephitic Cloud        Conj/Pois/Air  22%        N/A       3%          3

Your spell library contained the following spells:

 Spells                   Type           Power      Damage    Failure   Level
 Magic Dart               Conj           80%        1d7       1%          1
 Pain                     Necr           80%        1d8       1%          1
 Blink                    Tloc           40%        N/A       2%          2
 Call Imp                 Summ           20%        N/A       2%          2
 Spider Form              Tmut/Pois      24%        N/A       3%          3
 Call Canine Familiar     Summ           20%        N/A       4%          3
 Lesser Beckoning         Tloc           20%        N/A       4%          3
 Ozocubu's Armour         Ice            20%        N/A       4%          3
 Portal Projectile        Hex/Tloc       40%        N/A       4%          3
 Leda's Liquefaction      Hex/Erth       10%        N/A       17%         4
 Petrify                  Tmut/Erth      20%        N/A       17%         4
 Agony                    Necr           20%        N/A       43%         5
 Excruciating Wounds      Necr           10%        N/A       43%         5
 Manifold Assault         Tloc           20%        N/A       43%         5
 Metabolic Englaciation   Hex/Ice        10%        N/A       43%         5
 Simulacrum               Ice/Necr       10%        N/A       95%         6
 Statue Form              Tmut/Erth      13%        N/A       95%         6


Dungeon Overview and Level Annotations

Branches:
Dungeon (12/15)            Temple (0/1) D:5
   Lair: D:8-11         Orc: D:9-12

Altars:
Cheibriados
Hepliaklqana
Makhleb
Qazlal
Trog
Yredelemnul
Jiyva

Shops:
D:6 (   D:7 (

Portals:
Ice
Cave: D:12


Innate Abilities, Weirdness & Mutations

You have very sharp teeth.
Your uncanny sense of smell can sniff out nearby items.
Your experience applies equally to all skills.
You have a pair of small horns on your head.
You are very agile. (Dex +4)
You have acidic saliva.
Your rubbery body absorbs attacks. (AC +1, EV +1)
Your transparent skin significantly reduces your foes' accuracy. (Stealth+)
Your melee attacks may engulf your foes in ooze.


Message History

Confirm with . or Enter, or press ? or * to list all spells.
Okay, then.
You are too injured to fight recklessly!
You are too injured to fight recklessly!
You are too injured to fight recklessly!
You are too injured to fight recklessly!
You are too injured to fight recklessly!
You sock the seven-headed hydra!
The seven-headed hydra is lightly wounded.
The seven-headed hydra closely misses you.
The seven-headed hydra completely misses you.
The seven-headed hydra bites you!
* * * LOW HITPOINT WARNING * * *
The seven-headed hydra misses you. x2; The seven-headed hydra bites you!
* * * LOW HITPOINT WARNING * * *
The seven-headed hydra closely misses you.
You sock the seven-headed hydra!
The seven-headed hydra is moderately wounded.
The seven-headed hydra barely misses you.
The seven-headed hydra misses you. The seven-headed hydra bites you!
* * * LOW HITPOINT WARNING * * *
The seven-headed hydra bites you but does no damage. x2
The seven-headed hydra completely misses you.
The seven-headed hydra bites you.
* * * LOW HITPOINT WARNING * * *
It was a potion of ambrosia.
You are confused.
You feel invigorated. The seven-headed hydra bites you.
* * * LOW HITPOINT WARNING * * *
The seven-headed hydra misses you. The seven-headed hydra bites you.
* * * LOW HITPOINT WARNING * * *
The seven-headed hydra bites you but does no damage.
The seven-headed hydra barely misses you. x2
The seven-headed hydra completely misses you.
You bump into the rock wall.
The seven-headed hydra bites you!
* * * LOW HITPOINT WARNING * * *
The seven-headed hydra bites you.
* * * LOW HITPOINT WARNING * * *
The seven-headed hydra bites you.
You die...

........<...........
....................
###.............∩..
#................
#................
#...5.5.....##...
#...5.......# #..
####D###### ##@#∆
#..## #.# #. #


You could see a seven-headed hydra and 2 white imps.

Vanquished Creatures
  A two-headed ogre (D:9)
  A deep elf pyromancer (D:8)
  Joseph (D:7)
  Maurice (D:8)
  Grinder (D:5)
  2 hornets
  Prince Ribbit (D:6)
  A wraith (D:6)
  3 wyverns
  4 yaks (D:8)
  A vampire mosquito (D:8)
  2 steam dragons (D:8)
  3 acid dragons
  4 water moccasins
  2 orc warriors
  2 sky beasts
  An ice beast (D:6)
  2 ogres (D:4)
  4 centaurs
  A phantom (D:6)
  4 kobold brigands
  Blork the orc (D:4)
  8 bullfrogs
  A gnoll sergeant (D:8)
  A necrophage (D:8)
  4 wights (D:8)
  10 killer bees
  A howler monkey (D:8)
  A hound (D:7)
  5 orc priests
  A gnoll shaman (D:6)
  An iguana (D:7)
  10 orc wizards
  13 gnolls
  5 river rats (D:6)
  4 adders
  10 white imps
  3 ufetubi
  3 worms
  A dart slug (D:5)
  23 orcs
  An endoplasm (D:1)
  5 giant cockroaches
  8 hobgoblins
  9 jackals (D:1)
  6 quokkas
  5 ball pythons
  3 bats
  3 goblins
  10 kobolds
  15 rats
213 creatures vanquished.

Vanquished Creatures (collateral kills)
  An ogre (D:7)
1 creature vanquished.

Vanquished Creatures (others)
  An acid dragon (D:9)
  An ice beast (D:8)
  5 centaurs
  A bullfrog (D:7)
  2 scorpions
  2 wights (D:8)
  A howler monkey (D:8)
  31 jellies
  An orc priest (D:3)
  2 adders (D:2)
  2 gnolls
  A river rat (D:6)
  2 ufetubi (D:5)
  2 worms
  10 orcs
  A bat (D:2)
  10 endoplasms
  3 giant cockroaches
  5 goblins
  A jackal (D:1)
  3 quokkas
  5 ball pythons
  A frilled lizard (D:3)
  A kobold (D:4)
  7 rats
101 creatures vanquished.

Grand Total: 315 creatures vanquished

Notes
Turn   | Place    | Note
-------+----------+-------------------------------------------
     0 | D:1      | Crownlay the Gnoll Wanderer began the quest for the Orb.
     0 | D:1      | Crownlay set off with the following items: a +0 mace, a +0
                  | helmet, a potion of mutation, a +0 leather armour; and the
                  | following spell memorised: Sting; and the following spells
                  | available to memorise: Spider Form, Mephitic Cloud
     0 | D:1      | Reached XP level 1. HP: 17/17 MP: 4/4
     1 | D:1      | Found a runed translucent door.
   192 | D:1      | Reached XP level 2. HP: 23/23 MP: 2/5
   779 | D:1      | Reached XP level 3. HP: 28/28 MP: 5/7
   891 | D:1      | Found a faded altar of an unknown god.
   918 | D:1      | Prayed at the altar of an unknown god.
   918 | D:1      | Became a worshipper of Jiyva Jucwecuh the Shapeless
   918 | D:1      | Reached * piety under Jiyva
  1060 | D:1      | Reached skill level 1 in Invocations
  1062 | D:1      | Reached skill level 1 in Short Blades
  1062 | D:1      | Reached skill level 1 in Long Blades
  1062 | D:1      | Reached skill level 1 in Axes
  1062 | D:1      | Reached skill level 1 in Polearms
  1062 | D:1      | Reached skill level 1 in Staves
  1062 | D:1      | Reached skill level 1 in Slings
  1062 | D:1      | Reached skill level 1 in Bows
  1062 | D:1      | Reached skill level 1 in Crossbows
  1062 | D:1      | Reached skill level 1 in Throwing
  1062 | D:1      | Reached skill level 1 in Armour
  1062 | D:1      | Reached skill level 1 in Stealth
  1062 | D:1      | Reached skill level 1 in Shields
  1062 | D:1      | Reached skill level 1 in Unarmed Combat
  1197 | D:2      | Reached XP level 4. HP: 26/34 MP: 4/8
  1323 | D:2      | Reached skill level 1 in Conjurations
  1323 | D:2      | Reached skill level 1 in Hexes
  1323 | D:2      | Reached skill level 1 in Summonings
  1323 | D:2      | Reached skill level 1 in Necromancy
  1323 | D:2      | Reached skill level 1 in Translocations
  1323 | D:2      | Reached skill level 1 in Transmutations
  1323 | D:2      | Reached skill level 1 in Fire Magic
  1323 | D:2      | Reached skill level 1 in Ice Magic
  1323 | D:2      | Reached skill level 1 in Air Magic
  1323 | D:2      | Reached skill level 1 in Earth Magic
  1512 | D:2      | Reached ** piety under Jiyva
  1677 | D:3      | Reached XP level 5. HP: 31/40 MP: 6/9
  1734 | D:3      | Learned a level 3 spell: Mephitic Cloud
  1849 | D:3      | Found a hazy altar of Hepliaklqana.
  2173 | D:4      | Reached *** piety under Jiyva
  2260 | D:4      | Reached XP level 6. HP: 47/47 MP: 7/11
  2264 | D:4      | Reached skill level 5 in Maces & Flails
  2264 | D:4      | Reached skill level 5 in Dodging
  2439 | D:4      | Gained mutation: You are partially covered in iridescent
                  | scales. (AC +2) [Jiyva's grace]
  2439 | D:4      | Gained mutation: You are mostly covered in iridescent
                  | scales. (AC +4) [Jiyva's grace]
  2439 | D:4      | Gained mutation: You are completely covered in iridescent
                  | scales. (AC +6) [Jiyva's grace]
  2439 | D:4      | Gained mutation: Your rubbery body absorbs attacks. (AC +1,
                  | EV +1) [Jiyva's grace]
  2469 | D:4      | Noticed Blork the orc
  2484 | D:4      | Killed Blork the orc
  2485 | D:4      | Reached XP level 7. HP: 43/52 MP: 12/12
  2637 | D:4      | Found a snail-covered altar of Cheibriados.
  2693 | D:4      | Noticed a hornet
  2701 | D:4      | Killed a hornet
  3058 | D:5      | Entered Level 5 of the Dungeon
  3084 | D:4      | Reached XP level 8. HP: 43/60 MP: 9/14
  3228 | D:5      | Reached **** piety under Jiyva
  3240 | D:5      | Found a staircase to the Ecumenical Temple.
  3449 | D:5      | Identified the +5 quarterstaff of the Hated {venom, MP-9
                  | Dex+7}
  3479 | D:5      | Found a stormy altar of Qazlal.
  3698 | D:5      | Noticed Grinder
  3708 | D:5      | Paralysed by Grinder for 4 turns
  3719 | D:5      | Killed Grinder
  4119 | D:6      | Found Leomenadgh's Antique Weapon Shoppe.
  4160 | D:6      | Noticed a wraith
  4187 | D:6      | Killed a wraith
  4203 | D:6      | Reached XP level 9. HP: 62/66 MP: 7/16
  4264 | D:6      | Reached skill level 5 in Spellcasting
  4666 | D:6      | Reached ***** piety under Jiyva
  4760 | D:6      | Lost mutation: You are completely covered in iridescent
                  | scales. (AC +6) [Jiyva's grace]
  4760 | D:6      | Gained mutation: You are agile. (Dex +2) [Jiyva's grace]
  4760 | D:6      | Gained mutation: You are very agile. (Dex +4) [Jiyva's
                  | grace]
  4760 | D:6      | Gained mutation: You have acidic saliva. [Jiyva's grace]
  4760 | D:6      | Gained mutation: Your melee attacks may engulf your foes in
                  | ooze. [Jiyva's grace]
  5031 | D:6      | Reached skill level 5 in Fighting
  5031 | D:6      | Reached skill level 5 in Evocations
  5102 | D:6      | Noticed Prince Ribbit
  5115 | D:6      | Killed Prince Ribbit
  5475 | D:7      | Found Raragif's Weapon Boutique.
  5491 | D:7      | Noticed a hornet
  5494 | D:7      | Paralysed by a hornet for 1 turns
  5497 | D:7      | Killed a hornet
  5571 | D:7      | Found a burning altar of Makhleb.
  5599 | D:7      | Reached skill level 5 in Invocations
  5628 | D:7      | Noticed Joseph
  5644 | D:7      | Killed Joseph
  5860 | D:7      | Found the +5 robe of Night {Dark Will+ SInv}
  6277 | D:7      | Reached XP level 10. HP: 74/74 MP: 9/18
  6783 | D:8      | Reached skill level 5 in Short Blades
  6783 | D:8      | Reached skill level 5 in Long Blades
  6783 | D:8      | Reached skill level 5 in Axes
  6783 | D:8      | Reached skill level 5 in Polearms
  6783 | D:8      | Reached skill level 5 in Staves
  6783 | D:8      | Reached skill level 5 in Slings
  6783 | D:8      | Reached skill level 5 in Bows
  6783 | D:8      | Reached skill level 5 in Crossbows
  6783 | D:8      | Reached skill level 5 in Throwing
  6783 | D:8      | Reached skill level 5 in Armour
  6783 | D:8      | Reached skill level 5 in Stealth
  6783 | D:8      | Reached skill level 5 in Shields
  6783 | D:8      | Reached skill level 5 in Unarmed Combat
  6799 | D:8      | Noticed a deep elf pyromancer
  6813 | D:8      | Killed a deep elf pyromancer
  7012 | D:8      | Reached ****** piety under Jiyva
  7012 | D:8      | Lost mutation: You are mostly covered in iridescent scales.
                  | (AC +4) [Jiyva's grace]
  7012 | D:8      | Lost mutation: You are partially covered in iridescent
                  | scales. (AC +2) [Jiyva's grace]
  7012 | D:8      | Gained mutation: Your translucent skin slightly reduces
                  | your foes' accuracy. (Stealth+) [Jiyva's grace]
  7012 | D:8      | Gained mutation: Your translucent skin reduces your foes'
                  | accuracy. (Stealth+) [Jiyva's grace]
  7012 | D:8      | Gained mutation: Your transparent skin significantly
                  | reduces your foes' accuracy. (Stealth+) [Jiyva's grace]
  7012 | D:8      | Gained mutation: You have a pair of small horns on your
                  | head. [Jiyva's grace]
  7278 | D:8      | Found a bloodstained altar of Trog.
  7483 | D:8      | Noticed Maurice
  7493 | D:8      | Killed Maurice
  7494 | D:8      | Reached XP level 11. HP: 83/83 MP: 11/20
  8029 | D:9      | Noticed a two-headed ogre
  8056 | D:9      | Killed a two-headed ogre
  8057 | D:9      | Reached skill level 5 in Conjurations
  8057 | D:9      | Reached skill level 5 in Hexes
  8057 | D:9      | Reached skill level 5 in Summonings
  8057 | D:9      | Reached skill level 5 in Necromancy
  8057 | D:9      | Reached skill level 5 in Translocations
  8057 | D:9      | Reached skill level 5 in Transmutations
  8057 | D:9      | Reached skill level 5 in Fire Magic
  8057 | D:9      | Reached skill level 5 in Ice Magic
  8057 | D:9      | Reached skill level 5 in Air Magic
  8057 | D:9      | Reached skill level 5 in Earth Magic
  8736 | D:10     | Entered Level 10 of the Dungeon
  8928 | D:10     | Found a basalt altar of Yredelemnul.
  9051 | D:10     | You fall into a shaft and drop 2 floors!
  9063 | D:12     | Found a frozen archway.
  9069 | D:12     | Noticed a seven-headed hydra
  9113 | D:12     | HP: 4/83 [seven-headed hydra (3)]
  9115 | D:12     | Slain by a seven-headed hydra

Illustrated notes

Levels and vault maps discovered:
D:1:      dpeg_arrival_caged_fury, layout_basic, ebering_ecumenical_altar_ruins
D:2:      layout_rooms
D:3:      layout_rooms, mainiacjoe_overflow_alcove_4, minmay_fountain_box
D:4:      layout_loops_corners, slow_altar_1, hangedman_decor_clover_reticule,
          uniq_blork_the_orc
D:5:      layout_layer_cave, kennysheep_mini, minmay_temple_entry_hall,
          uniq_grinder
D:6:      lemuel_ratsnest, layout_layer_cave, nicolae_take_the_stairs,
          uniq_prince_ribbit1
D:7:      wander_river, layout_loops_corners,
          mainiacjoe_overflow_small_starburst, serial_shops,
          nicolae_shop_waterfront, minivault_11, patterned_corridor, uniq_joseph
D:8:      minmay_imperfect_grid, layout_layer_cave, trog_book,
          minmay_misc_feat_four_crosses, uniq_maurice
D:9:      layout_long_grid
D:10:     layout_basic, mainiacjoe_overflow_catwalk,
          mainiacjoe_overflow_alcove_1, enter_bailey_5
D:11:     layout_roguey, grunt_lair_entry_orc_guard_hut, special_room
          [special_room_orc], st_stairs_11
D:12:     layout_long_grid, erik_orc_3, serial_ice, serial_ice_n, serial_ice_c,
          serial_ice_k, serial_ice_g, portal_ice_cave_entry_imps, centaur_isle,
          uniq_frances

Skill      XL: |  1  2  3  4  5  6  7  8  9 10 11 |
---------------+----------------------------------+-----
Invocations    | 1 2 3 4 5 6 |  6.7
Short Blades   | 1 2 3 4 5 6 |  6.1
Long Blades    | 1 2 3 4 5 6 |  6.1
Axes           | 1 2 3 4 5 6 |  6.1
Polearms       | 1 2 3 4 5 6 |  6.1
Staves         | 1 2 3 4 5 6 |  6.1
Slings         | 1 2 3 4 5 6 |  6.1
Bows           | 1 2 3 4 5 6 |  6.1
Crossbows      | 1 2 3 4 5 6 |  6.1
Throwing       | 1 2 3 4 5 6 |  6.1
Armour         | 1 2 3 4 5 6 |  6.1
Stealth        | 1 2 3 4 5 6 |  6.1
Shields        | 1 2 3 4 5 6 |  6.1
Unarmed Combat | 1 2 3 4 5 6 |  6.1
Spellcasting   | 3 4 5 6 |  6.8
Conjurations   | 1 2 3 4 5 |  5.0
Hexes          | 1 2 3 4 5 |  5.0
Summonings     | 1 2 3 4 5 |  5.0
Necromancy     | 1 2 3 4 5 |  5.0
Translocations | 1 2 3 4 5 |  5.0
Transmutations | 1 2 3 4 5 |  5.0
Fire Magic     | 1 2 3 4 5 |  5.0
Ice Magic      | 1 2 3 4 5 |  5.0
Air Magic      | 1 2 3 4 5 |  5.0
Earth Magic    | 1 2 3 4 5 |  5.0
Fighting       | 3 4 5 6 |  6.7
Evocations     | 3 4 5 6 |  6.7
Maces & Flails | 5 6 7 |  7.7
Dodging        | 5 6 7 |  7.7
Poison Magic   | 6 7 |  7.5

Action                   |  1- 3 |  4- 6 |  7- 9 | 10-12 || total
-------------------------+-------+-------+-------+-------++-------
Melee: Mace              |    62 |    10 |       |       ||    72
       Bite              |     4 |     5 |    30 |    25 ||    64
       Flail             |       |    21 |    26 |       ||    47
       Quarterstaff      |       |       |   187 |   161 ||   348
       Headbutt          |       |       |       |    13 ||    13
 Cast: Sting             |    41 |    57 |    90 |    58 ||   246
       Mephitic Cloud    |       |       |     4 |       ||     4
  Use: Scroll            |       |       |       |     4 ||     4
       Potion            |       |       |       |     1 ||     1
 Stab: Sleeping          |     1 |     2 |     2 |     4 ||     9
       Distracted        |       |       |     1 |       ||     1
Armor: Leather armour    |    37 |     9 |    17 |       ||    63
       Acid dragon scale |       |       |   155 |       ||   155
       Robe              |       |       |       |    63 ||    63
Dodge: Dodged            |    87 |    48 |   396 |   270 ||   801

Table legend: (Time is in decaauts)
 A = Elapsed time spent in this place.
 B = Non-inter-level travel time spent in this place.
 C = Inter-level travel time spent in this place.
 D = Time resting spent in this place.
 E = Time spent auto-exploring this place.
 F = Levels seen in this place.
 G = Mean time per level.
                   A        B        C        D        E       F      G
               +--------+--------+--------+--------+--------+-----+--------+
         Total |   9230 |   8902 |    328 |     25 |   7053 |  12 |  769.2 |
       Dungeon |   9230 |   8902 |    328 |     25 |   7053 |  12 |  769.2 |
               +--------+--------+--------+--------+--------+-----+--------+

Top non-repeatable levels by time:
     D:8: 1503 daAuts
     D:6: 1430 daAuts
     D:7: 1176 daAuts
     D:1: 1085 daAuts
     D:4: 977 daAuts
     D:5: 915 daAuts
     D:9: 707 daAuts
     D:2: 557 daAuts
     D:3: 498 daAuts
    D:10: 314 daAuts
    D:12: 45 daAuts
    D:11: 18 daAuts
